 Dungeon Crawl Stone Soup version 0.13.0-59-g13bd910 (webtiles) character file.

1904 Lilouch the Firebug (level 8, -9/52 HPs)
             Began as a Mummy Fire Elementalist on Nov 21, 2013.
             Mangled by a shadow dragon (15 damage)
             ... on Level 5 of the Dungeon.
             The game lasted 00:57:15 (19267 turns).

Lilouch the Firebug (Mummy Fire Elementalist)      Turns: 19267, Time: 00:57:15

HP  -9/52        AC  4     Str 11      XL: 8   Next: 60%
MP   3/18        EV 11     Int 16      God:
Gold 322         SH  9     Dex 12      Spells:  4 memorised,  5 levels left

Res.Fire  : x . .   See Invis. : .   l - +0 sling
Res.Cold  : + . .   Warding    : .   d - +0 elf robe
Life Prot.: + + +   Conserve   : .   n - +0 buckler
Res.Poison: +       Res.Corr.  : .   F - +0 golden helmet
Res.Elec. : .       Clarity    : .   (no cloak)
Sust.Abil.: . .     Spirit.Shd : .   D - +0 pair of gloves
Res.Mut.  : .       Stasis     : .   (no boots)
Res.Rott. : +       Flight     : .   (no amulet)
Saprovore : . . .                    (no ring)
                                     (no ring)

@: very slightly contaminated, somewhat resistant to hostile enchantments,
unstealthy
A: no food or potions, fire vulnerability, restore body, cold resistance 1, life
protection 3, poison resistance, torment resistance, unbreathing
a: no special abilities


You were on level 5 of the Dungeon.
You were not hungry.

You visited 1 branch of the dungeon, and saw 6 of its levels.

You collected 302 gold pieces.

Inventory:

Hand weapons
 i - a +1,+1 mace of holy wrath
 l - a +0,+0 sling (weapon)
 m - a +0,+0 spear
 o - a cursed -2,+0 spear
 p - a +0,+2 dagger of speed
 q - a +0 blowgun
 t - a +0,+0 dagger
 u - a -1,+1 orcish dagger
 w - a +0,+0 spear
 y - a +0,+0 dagger
 B - a -1,+1 orcish dagger
 C - a cursed -1,-3 elven dagger
Missiles
 r - 67 poisoned needles
 A - 131 stones
 E - 32 sling bullets (quivered)
 H - 21 darts of frost
Armour
 d - a +0 elven robe (worn)
 n - a +0 buckler (worn)
 D - a +0 pair of gloves (worn)
 F - a +0 golden helmet (worn)
Magical devices
 O - a wand of digging (11) {unknown}
Comestibles
 g - 3 meat rations
 s - 4 bread rations
Scrolls
 a - 4 scrolls of identify
 c - 5 scrolls of remove curse
 e - 2 scrolls of enchant weapon II {unknown}
 f - 3 scrolls of teleportation
 h - 3 scrolls of fog
 v - 3 scrolls of random uselessness
 x - 2 scrolls of blinking
 G - 4 scrolls of curse armour
 J - 2 scrolls of magic mapping {unknown}
 K - a scroll of curse jewellery {unknown}
 M - a scroll of recharging {unknown}
 N - 2 scrolls of curse weapon {unknown}
 Q - a scroll of amnesia {unknown}
 R - a scroll of immolation {unknown}
 S - a scroll of enchant armour {unknown}
Potions
 j - 2 potions of slowing {unknown}
 k - a potion of brilliance {unknown}
 z - a potion of curing {unknown}
 I - a potion of degeneration {unknown}
 L - a potion of restore abilities {unknown}
 P - a potion of speed {unknown}
Books
 b - a book of Flames

   Spells                             Type                      Level
   *Flame Tongue                      Conjuration/Fire             1
   *Throw Flame                       Conjuration/Fire             2
   *Conjure Flame                     Conjuration/Fire             3
   Inner Flame                        Hexes/Fire                   3
   *Sticky Flame                      Conjuration/Fire             4
   Fireball                           Conjuration/Fire             5


   Skills:
 - Level 1.5 Dodging
 - Level 1.5 Stealth
 - Level 3.0 Shields
 + Level 4.1 Spellcasting
 + Level 4.3 Conjurations
 + Level 6.0 Fire Magic
 + Level 2.5 Evocations


You had 5 spell levels left.
You knew the following spells:

 Your Spells              Type           Power        Failure   Level  Hunger
a - Flame Tongue          Conj/Fire      ###..        1%          1    N/A
b - Throw Flame           Conj/Fire      ###...       3%          2    N/A
c - Conjure Flame         Conj/Fire      ###.....     8%          3    N/A
d - Sticky Flame          Conj/Fire      ###.....     21%         4    N/A

Dungeon Overview and Level Annotations

Branches:
Dungeon (6/27)
 Temple: D:4-7          Orc: D:6-11

Altars:
Ashenzari

Annotations:
D:3 Sigmund


Innate Abilities, Weirdness & Mutations

You do not eat or drink.
Your flesh is vulnerable to fire.
Your flesh is cold resistant.
You are immune to negative energy.
Your system is resistant to poisons.
You are immune to unholy pain and torment.
You can survive without breathing.


Message History

The shadow dragon bites you. The shadow dragon claws you!
The shadow dragon claws you!
Firing (i - inventory. (,) - cycle):
E - 33 sling bullets (quivered)
Press: ? - help, Shift-Dir - straight line, f/p - shadow dragon
Aim: a shadow dragon (flame, moderately wounded)
You shoot a sling bullet.
The sling bullet hits the shadow dragon.
The shadow dragon is moderately wounded.
The shadow dragon is engulfed in roaring flames.
The shadow dragon bites you! You block the shadow dragon's attack.
The shadow dragon claws you but does no damage.
The shadow dragon bites you.
* * * LOW HITPOINT WARNING * * *
The shadow dragon closely misses you. The shadow dragon claws you!
* * * LOW HITPOINT WARNING * * *
You climb downwards.
There is a stone staircase leading up here.
There is a stone staircase leading up here.
The shadow dragon bites you!
You die...

..........###.........##
##.....#
......................#
#.....#
......###.............##
##...... .....##
##.[...........###.......
.....#
#.......................
.....##
##.........[.....###.....
......###...............##
##....
...............<.<......#
#....
......###......D@.......##
##.... .....##
##...............###.....
.....#
#.......................
.....##
##.............###.......
......###.............##
##.)....
......................#
#......
..........###.........##
##...... #........##
##...###...###.......
........)# #..##
##...)........


You could see a shadow dragon.

Vanquished Creatures
  A hill giant (D:4)
  A sky beast (D:3)
  2 phantoms
  A goliath beetle (D:4)
  3 hounds
  An iguana (D:4)
  A gnoll shaman (D:4)
  An orc priest (D:4)
  6 worker ants
  A scorpion (D:4)
  2 orc wizards (D:5)
  7 gnolls
  11 adders
  An inept feature mimic (D:4)
  3 worms (D:4)
  An iguana skeleton (D:4)
  A giant eyeball (D:5)
  2 oozes
  24 orcs
  A ball python (D:2)
  A bat zombie (D:5)
  7 giant cockroaches
  14 hobgoblins
  5 jackals
  17 kobolds
  7 quokkas
  9 bats
  7 giant newts
  25 goblins
  A quokka skeleton (D:4)
  19 rats
  A rat skeleton (D:5)
184 creatures vanquished.

Notes
Turn   | Place    | Note
--------------------------------------------------------------
     0 | D:1      | Lilouch, the Mummy Fire Elementalist, began the quest for the Orb.
     0 | D:1      | Reached XP level 1. HP: 13/13 MP: 3/3
   161 | D:1      | Reached skill level 1 in Conjurations
   383 | D:1      | Reached XP level 2. HP: 19/19 MP: 0/4
   996 | D:2      | Reached XP level 3. HP: 11/24 MP: 1/6
  1321 | D:2      | Reached XP level 4. HP: 26/30 MP: 1/8
  2164 | D:3      | Reached skill level 3 in Spellcasting
  2210 | D:3      | Learned a level 2 spell: Throw Flame
  2214 | D:3      | Learned a level 3 spell: Conjure Flame
  2222 | D:3      | Reached XP level 5. HP: 26/35 MP: 5/10
  2232 | D:3      | Learned a level 4 spell: Sticky Flame
  2769 | D:3      | Noticed Sigmund
  3209 | D:3      | Reached skill level 1 in Shields
  3911 | D:3      | Noticed a sky beast
  3928 | D:3      | Killed a sky beast
  3928 | D:3      | Reached skill level 4 in Fire Magic
  3928 | D:3      | Reached XP level 6. HP: 32/41 MP: 9/12
  4261 | D:3      | Found a shattered altar of Ashenzari.
  5064 | D:4      | Reached XP level 7. HP: 46/46 MP: 7/14
  5480 | D:4      | Reached skill level 5 in Fire Magic
  5710 | D:5      | Entered Level 5 of the Dungeon
 10296 | D:4      | Reached XP level 8. HP: 31/52 MP: 1/16
 13341 | D:4      | Reached skill level 1 in Evocations
 16276 | D:4      | Noticed a hill giant
 16284 | D:4      | Killed a hill giant
 16284 | D:4      | Reached skill level 6 in Fire Magic
 19257 | D:4      | Noticed a shadow dragon
 19267 | D:5      | Mangled by a shadow dragon

Action                   |  1- 3 |  4- 6 |  7- 9 || total
-------------------------+-------+-------+-------++-------
Melee: Unarmed           |    14 |       |       ||    14
       Dagger            |       |    29 |       ||    29
       Spear             |       |       |    23 ||    23
 Fire: Sling             |    43 |   195 |   210 ||   448
Throw: Dagger            |       |     6 |       ||     6
       Dart              |       |     2 |     1 ||     3
       Club              |       |     2 |       ||     2
 Cast: Flame Tongue      |    37 |   111 |    86 ||   234
       Conjure Flame     |       |    14 |    26 ||    40
       Throw Flame       |       |     2 |    10 ||    12
       Sticky Flame      |       |     2 |     3 ||     5
  Use: Scroll            |       |     4 |       ||     4
